Map: Hardwire LE

Players

Rattata (Vanya)

  • Race: Zerg Zerg
  • League: Master

Serral - Winner!

  • Race: Zerg Zerg
  • League: Master

Event: TSL 8

VOD

Have the link to the VOD?

Description

Time

  • Played on: Nov. 26, 2021, 7:38 a.m.
  • Length: 20:17

All games in this series

Show
View Real Time Build Order
Export as new Build Order

Rattata Zerg 

Build Orders: Hatch First, Lurkers 

Get SALT Encoding   

  12  0:00  Drone  
  13  0:12  Overlord  
  13  0:17  Drone  
  14  0:31  Drone x2  
  16  0:47  Hatchery  
  15  0:50  Drone  
  15  0:54  Drone  
  17  0:57  Drone  
  18  1:08  Extractor  
  17  1:13  Spawning Pool  
  17  1:16  Drone  
  17  1:19  Drone  
  18  1:28  Drone  
  19  1:38  Drone  
  20  1:49  Drone  
  21  1:59  Queen  
  21  2:00  Drone, Queen, Overlord  
  26  2:10  Zergling x4  
  28  2:21  Drone x2  
  30  2:31  Drone, Overlord  
  31  2:39  Queen x2  
  31  2:43  Drone  
  36  2:51  Drone  
  36  2:54  Drone x2  
  39  3:04  Drone, Overlord  
  39  3:08  Drone x3  
  39  3:12  Drone x2  
  44  3:16  Lair, Extractor  
  44  3:18  Drone  
  44  3:24  Drone x2, Extractor  
  45  3:31  Evolution Chamber  
  45  3:32  Drone, Roach Warren  
  44  3:35  Drone  
  44  3:38  Drone  
  44  3:40  Overlord  
  46  3:53  Overlord  
  45  3:57  Metabolic Boost  
  45  3:58  Zerg Melee Weapons Level 1  
  45  4:00  Drone x3  
  45  4:02  Drone x3  
  51  4:04  Extractor  
  50  4:11  Evolution Chamber  
  50  4:14  Drone  
  50  4:15  Drone, Spire  
  50  4:17  Drone  
  51  4:24  Drone x2  
  51  4:25  Drone  
  54  4:33  Overlord  
  54  4:37  Zergling x6  
  57  4:43  Zergling x4  
  59  4:51  Overlord  
  59  4:52  Zergling x10  
  64  4:53  Zergling x2  
  64  4:54  Zergling x2  
  66  5:06  Zergling x4  
  68  5:11  Hatchery  
  67  5:21  Overlord  
  67  5:26  Drone  
  67  5:27  Mutalisk x4  
  76  5:30  Zerg Flyer Weapons Level 1, Overlord  
  76  5:37  Overlord  
  76  5:40  Mutalisk x2  
  80  5:47  Overlord  
  80  5:51  Drone  
  80  5:55  Drone  
  80  5:56  Drone x5  
  80  5:57  Zerg Melee Weapons Level 2  
  87  6:06  Drone  
  87  6:10  Mutalisk, Extractor  
  89  6:13  Extractor  
  80  6:22  Mutalisk x2  
  84  6:30  Drone x2  
  84  6:32  Mutalisk x3  
  88  6:35  Drone x2  
  88  6:37  Drone, Baneling Nest  
  94  6:44  Drone x3  
  97  6:51  Hatchery  
  97  6:53  Drone x3  
  99  6:58  Overlord  
  99  7:01  Mutalisk x3  
  99  7:06  Zergling x8  
  109  7:11  Overlord  
  109  7:18  Drone x3  
  109  7:19  Drone  
  109  7:20  Zergling x2  
  109  7:21  Centrifugal Hooks  
  114  7:26  Zerg Flyer Weapons Level 2  
  114  7:28  Drone x4  
  118  7:34  Overseer  
  118  7:37  Zergling x10  
  121  7:40  Overlord  
  121  7:42  Baneling x6  
  123  7:44  Baneling  
  123  7:45  Baneling x3  
  123  7:47  Baneling x4  
  123  7:48  Baneling  
  123  7:53  Drone x4, Extractor  
  123  7:56  Drone x2  
  123  7:57  Drone, Extractor  
  128  8:06  Drone  
  128  8:07  Drone x2  
  128  8:08  Baneling x10  
  131  8:15  Mutalisk, Overlord  
  131  8:16  Mutalisk x2  
  137  8:23  Mutalisk  
  140  8:27  Zergling x8  
  140  8:31  Overlord  
  140  8:34  Overlord  
  140  8:39  Overlord  
  132  8:41  Zergling x22  
  132  8:47  Pneumatized Carapace  
  142  8:52  Drone x2  
  142  8:53  Drone  
  142  8:54  Hydralisk Den  
  144  8:55  Infestation Pit  
  144  8:56  Baneling x13  
  144  8:59  Zerg Missile Weapons Level 1  
  143  9:09  Zerg Ground Armor Level 1  
  143  9:15  Baneling x7  
  135  9:25  Hatchery  
  135  9:27  Drone x2, Lurker Den  
  133  9:33  Hive  
  131  9:44  Zergling x20  
  141  9:50  Baneling x4  
  141  9:55  Grooved Spines  
  141  9:58  Drone x4  
  145  10:00  Drone x2  
  145  10:01  Overlord  
  147  10:16  Hydralisk x3  
  147  10:17  Hydralisk x4  
  147  10:19  Extractor x2  
  153  10:29  Hydralisk x5  
  153  10:31  Overlord  
  163  10:42  Lurker x7  
  170  10:43  Overseer  
  170  10:47  Drone x3, Spine Crawler  
  170  10:49  Spore Crawler  
  171  10:50  Spine Crawler x2, Spore Crawler  
  171  10:51  Spine Crawler  
  169  10:57  Lurker x3  
  169  11:01  Overlord  
  168  11:07  Lurker, Muscular Augments  
  168  11:08  Lurker  
  165  11:16  Hydralisk x3  
  165  11:17  Hydralisk x2  
  169  11:24  Overlord  
  165  11:28  Seismic Spines  
  165  11:31  Zergling x32  
  180  11:33  Overlord  
  180  11:35  Drone x2  
  172  11:40  Overseer  
  172  11:41  Overlord  
  172  11:48  Lurker x5  
  172  11:54  Hydralisk x4  
  177  11:57  Overlord  
  185  12:05  Hatchery  
  185  12:08  Hydralisk x5  
  180  12:15  Zerg Missile Weapons Level 2, Zerg Ground Armor Level 2  
  181  12:26  Adaptive Talons  
  181  12:27  Hydralisk x4, Spine Crawler  
  188  12:30  Lurker x2  
  188  12:35  Overseer  
  188  12:42  Hydralisk, Overseer  
  188  12:43  Hydralisk x5  
  195  12:49  Lurker x2  
  189  12:57  Overseer  
  185  12:59  Overseer x2  
  185  13:07  Lurker  
  185  13:08  Lurker x4  
  187  13:15  Hydralisk  
  187  13:16  Hydralisk x5  
  191  13:31  Overlord  
  187  13:35  Overlord  
  187  13:38  Hydralisk  
  187  13:39  Hydralisk x6  
  199  13:43  Overlord  
  199  13:56  Overlord x2  
  199  13:59  Overlord  
  199  14:03  Spine Crawler  
  199  14:04  Spine Crawler x2  
  199  14:08  Viper x3  
  199  14:18  Overseer  
  199  14:20  Lurker  
  200  14:26  Overlord  
  200  14:33  Overseer  
  200  14:36  Hydralisk x2  
  200  14:37  Hydralisk x3  
  192  14:47  Lurker x2  
  194  14:53  Overseer  
  194  14:57  Overseer  
  194  14:59  Overseer  
  191  15:02  Lurker  
  191  15:03  Lurker x8  
  191  15:04  Zerg Missile Weapons Level 3  
  200  15:18  Zerg Ground Armor Level 3  
  199  15:26  Extractor  
  199  15:27  Extractor  
  197  15:31  Overseer x3  
  197  15:33  Hydralisk x7  
  196  15:46  Hydralisk x7  
  189  15:50  Overseer x2  
  189  15:57  Hydralisk x11  
  196  16:08  Overseer  
  196  16:09  Overseer, Lurker x3  
  196  16:10  Overlord  
  196  16:21  Overlord  
  196  16:25  Overseer x2, Spore Crawler  
  187  16:33  Overseer  
  187  16:35  Drone x3  
  187  16:38  Drone x3  
  192  16:40  Lurker x6  
  192  16:47  Drone  
  199  16:49  Spine Crawler  
  199  16:50  Spore Crawler  
  199  16:51  Spine Crawler x2  
  199  16:52  Hydralisk  
  197  17:13  Hydralisk x2  
  192  17:29  Hydralisk  
  168  17:30  Hydralisk x15  
  168  17:34  Lurker x4  
  168  17:35  Lurker x3  
  187  17:54  Hydralisk x12  
  183  17:59  Lurker  
  183  18:02  Overseer  
  183  18:03  Overseer  
  172  18:27  Lurker x2  
  172  18:28  Lurker x3  
  172  18:30  Drone  
  172  18:31  Drone, Hatchery  
  178  18:35  Spine Crawler, Spore Crawler  
  178  18:36  Spine Crawler  
  178  18:38  Hydralisk x6  
  178  18:41  Zergling x24  
  195  19:18  Overseer  
  195  19:23  Hatchery  
  188  19:27  Hydralisk x10, Overlord  
  200  19:32  Overlord  
  176  19:44  Hydralisk x11  
Show
View Real Time Build Order
Export as new Build Order

Serral Zerg - Winner!

Build Orders: Pool First, Lurkers 

Get SALT Encoding   

  12  0:00  Drone  
  13  0:12  Overlord  
  13  0:16  Drone  
  14  0:30  Drone x2  
  14  0:34  Drone  
  17  0:44  Spawning Pool  
  17  0:46  Drone  
  17  1:06  Hatchery  
  17  1:09  Drone  
  17  1:11  Extractor  
  17  1:14  Drone  
  17  1:21  Drone  
  18  1:30  Queen  
  18  1:31  Zergling x2  
  21  1:39  Overlord  
  21  1:49  Drone  
  22  2:00  Drone  
  23  2:06  Queen  
  25  2:11  Drone  
  25  2:12  Metabolic Boost  
  26  2:18  Drone, Queen  
  26  2:21  Drone  
  30  2:30  Drone  
  31  2:37  Overlord  
  31  2:41  Drone x4  
  35  2:45  Baneling Nest  
  35  2:48  Drone  
  35  2:54  Drone  
  36  3:00  Overlord  
  36  3:03  Drone  
  37  3:09  Zergling x2  
  37  3:12  Drone  
  39  3:18  Drone, Hatchery  
  39  3:19  Drone  
  40  3:20  Drone  
  40  3:23  Drone  
  40  3:24  Drone  
  43  3:28  Drone  
  43  3:32  Evolution Chamber  
  43  3:33  Zergling x4  
  45  3:38  Overlord  
  45  3:40  Zergling x2  
  46  3:45  Zergling x2  
  47  3:49  Overlord  
  46  3:58  Zerg Ground Armor Level 1  
  46  3:59  Drone x6  
  46  4:02  Drone, Extractor x2  
  51  4:08  Drone  
  52  4:12  Drone  
  52  4:15  Roach Warren  
  52  4:16  Drone  
  53  4:22  Drone x3  
  56  4:26  Overlord  
  56  4:28  Lair  
  56  4:34  Drone x3  
  56  4:35  Drone  
  60  4:39  Overlord x2  
  60  4:49  Overlord  
  60  4:55  Roach x4  
  60  4:59  Roach x3  
  74  5:04  Roach x3  
  80  5:13  Queen x2  
  83  5:16  Baneling x2  
  83  5:21  Drone  
  84  5:23  Overlord  
  84  5:26  Evolution Chamber, Glial Reconstitution  
  84  5:28  Drone x4  
  87  5:29  Overseer  
  87  5:32  Overlord  
  87  5:33  Drone  
  88  5:37  Drone x3  
  91  5:43  Drone  
  91  5:44  Drone x4  
  96  5:51  Baneling, Queen x2  
  96  5:54  Spore Crawler  
  96  5:56  Spore Crawler  
  97  5:58  Spore Crawler  
  97  6:00  Overseer  
  97  6:02  Drone x3  
  99  6:09  Spore Crawler  
  99  6:11  Zerg Missile Weapons Level 1, Extractor  
  97  6:15  Drone x7  
  103  6:21  Queen  
  103  6:22  Extractor x2  
  103  6:26  Overlord x2  
  103  6:29  Overlord  
  103  6:31  Spore Crawler  
  102  6:37  Overlord  
  101  6:42  Infestation Pit  
  101  6:43  Hydralisk Den  
  101  6:44  Overlord  
  101  6:45  Drone x2  
  101  6:46  Drone x6  
  107  6:51  Overlord  
  107  6:53  Overlord  
  107  6:56  Overlord  
  107  6:57  Spore Crawler  
  107  6:59  Overseer  
  106  7:03  Zerg Ground Armor Level 2  
  107  7:08  Drone, Spore Crawler  
  107  7:09  Drone  
  107  7:14  Roach x5  
  117  7:21  Hive  
  117  7:22  Infestor x2  
  119  7:26  Queen  
  123  7:31  Queen  
  123  7:33  Infestor  
  123  7:34  Spore Crawler  
  126  7:37  Drone  
  127  7:44  Drone, Lurker Den  
  127  7:46  Drone, Spore Crawler  
  127  7:55  Spore Crawler, Overlord  
  127  7:56  Roach x6  
  138  8:08  Overlord  
  138  8:13  Queen x2  
  138  8:17  Hydralisk x6  
  138  8:18  Spore Crawler  
  153  8:26  Spore Crawler  
  153  8:29  Overlord  
  153  8:30  Overlord  
  153  8:38  Hydralisk x2  
  153  8:40  Hydralisk  
  145  8:47  Lurker  
  145  8:48  Lurker x3  
  149  8:56  Drone x5  
  149  8:57  Drone x2  
  156  9:03  Roach  
  156  9:05  Hydralisk x3  
  156  9:06  Spore Crawler  
  156  9:08  Hydralisk  
  165  9:14  Spore Crawler  
  164  9:17  Hydralisk  
  164  9:18  Spore Crawler  
  164  9:21  Overlord  
  165  9:25  Lurker x2  
  167  9:32  Seismic Spines  
  167  9:36  Drone x3  
  168  9:46  Drone  
  168  9:48  Muscular Augments  
  168  9:52  Hydralisk x5  
  171  9:55  Spore Crawler  
  171  9:57  Drone  
  179  10:01  Spore Crawler x2  
  179  10:03  Drone  
  179  10:04  Drone, Spore Crawler  
  179  10:06  Viper  
  181  10:11  Lurker, Spore Crawler  
  181  10:14  Spore Crawler  
  181  10:16  Drone x2  
  181  10:19  Hydralisk x2  
  181  10:20  Spore Crawler  
  185  10:34  Hatchery  
  184  10:35  Overlord x2  
  184  10:38  Adaptive Talons  
  184  10:44  Hydralisk x2  
  188  10:54  Overlord x2  
  188  10:55  Zerg Missile Weapons Level 2  
  188  10:56  Overseer  
  188  11:00  Grooved Spines  
  184  11:06  Hydralisk x4  
  191  11:24  Spore Crawler  
  188  11:27  Viper  
  188  11:32  Burrow  
  191  11:42  Overseer, Hatchery  
  190  11:54  Hydralisk x2  
  190  11:59  Overseer  
  194  12:14  Hatchery  
  192  12:19  Drone x5  
  197  12:28  Extractor  
  196  12:30  Hatchery, Extractor  
  196  12:31  Hydralisk  
  196  12:32  Hydralisk x2  
  198  12:57  Viper  
  199  13:01  Overseer, Lurker  
  200  13:06  Overseer  
  200  13:25  Hydralisk x2  
  199  13:29  Overseer, Lurker x2  
  199  13:30  Hatchery  
  199  13:33  Zerg Ground Armor Level 3, Zerg Missile Weapons Level 3  
  187  13:46  Viper x3  
  187  13:47  Hatchery  
  183  13:56  Hydralisk x3  
  183  14:00  Pneumatized Carapace  
  189  14:06  Hydralisk x2  
  177  14:15  Overseer  
  177  14:19  Hydralisk x3  
  183  14:24  Hatchery  
  169  14:45  Hydralisk x8, Extractor x2  
  172  14:56  Drone x8  
  176  15:01  Extractor  
  176  15:03  Hydralisk  
  177  15:16  Lurker x4  
  181  15:26  Hydralisk x3  
  187  15:29  Hatchery  
  186  15:38  Drone x2  
  186  15:39  Drone  
  186  15:42  Roach x2  
  163  15:51  Hydralisk x6  
  163  15:52  Hydralisk  
  153  15:58  Hydralisk x3  
  153  16:02  Overseer  
  153  16:09  Lurker  
  148  16:12  Roach x4  
  156  16:19  Roach  
  156  16:20  Roach x2  
  160  16:27  Roach x2  
  160  16:31  Drone  
  164  16:32  Drone  
  164  16:34  Drone  
  165  16:41  Lurker x2  
  165  16:42  Overseer  
  164  16:49  Lurker  
  165  16:56  Hydralisk x3  
  171  17:25  Hydralisk x3, Hatchery  
  157  17:39  Lurker x4  
  157  17:40  Drone x3  
  164  17:52  Extractor  
  164  17:56  Drone x3  
  166  18:03  Drone x6  
  172  18:10  Overseer  
  172  18:11  Viper x2  
  178  18:15  Lurker  
  179  18:26  Lurker  
  180  18:29  Hydralisk  
  182  18:39  Hatchery  
  182  18:40  Spore Crawler  
  180  18:44  Spine Crawler  
  180  18:48  Roach x6  
  180  18:53  Roach Warren  
  180  18:55  Lurker x2  
  181  19:15  Extractor  
  181  19:16  Extractor  
  174  19:20  Lurker x3  
  164  19:48  Roach x16  
Tags
 
Add a new tag
Caveats
  • Supply blocks, unpowered buildings, or Contaminate may cause inaccurate times.
  • Supply counts are checked every 10 seconds.